 Dungeon Crawl Stone Soup version 0.20.0-15-g7f486f2 (webtiles) character file.

5678 NoAnimeNoLife the Basher (level 10, -5/70 HPs)
             Began as a Demonspawn Fighter on June 14, 2017.
             Was a Follower of Qazlal.
             Slain by raph's ghost (19 damage)
             ... on level 10 of the Dungeon.
             The game lasted 00:13:09 (8632 turns).

NoAnimeNoLife the Basher (Demonspawn Fighter)       Turns: 8632, Time: 00:13:09

Health: -5/70      AC: 19    Str: 17    XL:     10   Next: 47%
Magic:  10/10      EV:  7    Int: 13    God:    Qazlal [*.....]
Gold:   338        SH: 15    Dex: 20    Spells: 9/9 levels left

rFire    . . .     SeeInvis +   l - +2 flail (protect)
rCold    . . .     Gourm    .   c - +0 shield
rNeg     . . .     Faith    .   z - +0 plate armour
rPois    .         Spirit   .   (no helmet)
rElec    .         Reflect  .   (no cloak)
rCorr    .         Harm     .   (no gloves)
MR       .....     Clarity  +   (no boots)
Stlth    ..........             (no amulet)
Regen    0.3/turn               v - ring of wizardry
MPRegen  0.2/turn               Q - +3 ring of intelligence

@: agile, protection aura
A: claws 1, large bone plates 1, see invisible, clarity, powered by death 2,
shaggy fur 1, spiny 1, subdued magic 1
a: Renounce Religion


You were on level 10 of the Dungeon.
You worshipped Qazlal.
Qazlal was aware of your devotion.
You were very hungry.

You visited 2 branches of the dungeon, and saw 11 of its levels.

You collected 338 gold pieces.

Inventory:

Hand Weapons
 a - a +0 flail
 l - a +2 flail of protection (weapon)
Missiles
 p - 289 stones (quivered)
Armour
 b - a +0 scale mail
 c - a +0 shield (worn)
 z - a +0 plate armour (worn)
Jewellery
 v - a ring of wizardry (left claw)
 Q - a +3 ring of intelligence (right claw)
Wands
 h - a wand of flame (8/48)
 D - a wand of flame (10/48)
 E - a wand of confusion (17/48)
 H - a wand of polymorph (11/24)
 T - a wand of random effects (30/48)
Scrolls
 e - 2 scrolls of blinking {unknown}
 g - a scroll of random uselessness {unknown}
 i - 3 scrolls of fear {unknown}
 j - 3 scrolls of recharging {unknown}
 k - 3 scrolls of remove curse {unknown}
 o - 2 scrolls of enchant weapon {unknown}
 r - 7 scrolls of identify {unknown}
 s - a scroll of noise {unknown}
 u - a scroll of torment {unknown}
 x - 4 scrolls of fog {unknown}
 y - 3 scrolls of teleportation {unknown}
 B - 2 scrolls of immolation {unknown}
 C - 2 scrolls of amnesia {unknown}
 J - a scroll of magic mapping {unknown}
 O - a scroll of enchant armour {unknown}
Potions
 d - a potion of ambrosia
 t - a potion of brilliance
 F - 2 potions of heal wounds
 I - a potion of flight
 K - 3 potions of curing
 M - 2 potions of invisibility
Books
 q - a book of Maledictions

   Spells                             Type                      Level
   a - Corona                         Hexes                        1
   b - Ensorcelled Hibernation        Hexes/Ice                    2
   c - Confuse                        Hexes                        3
   d - Tukima's Dance                 Hexes                        3
   e - Dazzling Spray                 Conjuration/Hexes            3
 A - a book of Changes

   Spells                             Type                      Level
   a - Beastly Appendage              Transmutation                1
   b - Sticks to Snakes               Transmutation                2
   c - Spider Form                    Transmutation/Poison         3
   d - Ice Form                       Ice/Transmutation            4
   e - Blade Hands                    Transmutation                5
 G - a book of Geomancy

   Spells                             Type                      Level
   a - Sandblast                      Earth                        1
   b - Passwall                       Transmutation/Earth          2
   c - Stone Arrow                    Conjuration/Earth            3
   d - Petrify                        Transmutation/Earth          4
   e - Lee's Rapid Deconstruction     Earth                        5
 L - a book of Callings

   Spells                             Type                      Level
   a - Summon Small Mammal            Summoning                    1
   b - Call Imp                       Summoning                    2
   c - Call Canine Familiar           Summoning                    3
   d - Summon Guardian Golem          Hexes/Summoning              3
   e - Summon Lightning Spire         Summoning/Air                4
   f - Summon Ice Beast               Ice/Summoning                4
 P - the Grimoire of Insomnia
   (You found it on level 9 of the Dungeon)

   Spells                             Type                      Level
   a - Corona                         Hexes                        1
   b - Poisonous Vapours              Poison/Air                   2
   c - Tukima's Dance                 Hexes                        3
   d - Discord                        Hexes                        8
 U - a book of Enchantments

   Spells                             Type                      Level
   a - Cause Fear                     Hexes                        4
   b - Yara's Violent Unravelling     Hexes/Transmutation          5
   c - Silence                        Hexes/Air                    5
   d - Deflect Missiles               Charms/Air                   6
   e - Discord                        Hexes                        8
Comestibles
 f - 8 bread rations
 m - 5 royal jellies
 n - 4 meat rations
 w - 4 fruits


   Skills:
 - Level 3.0 Fighting
 + Level 13.9 Maces & Flails
 - Level 2.6 Armour
 - Level 2.6 Shields


You had 9 spell levels left.
You didn't know any spells.

Dungeon Overview and Level Annotations

Branches:
Dungeon (10/15)            Temple (1/1) D:7
   Lair: D:8-11         Orc: D:9-12

Altars:
Ashenzari
Cheibriados
Dithmenos
Elyvilon
Fedhas
Gozag
Hepliaklqana
Kikubaaqudgha
Makhleb
Nemelex Xobeh
Okawaru
Qazlal
Ru
Sif Muna
Trog
Uskayaw
Vehumet
Xom
Yredelemnul
Zin

Shops:
D:4 *   D:6 *

Annotations:
D:10 raph's ghost, journeyman TrMo


Innate Abilities, Weirdness & Mutations

You have sharp fingernails.
You are partially covered in large bone plates. (SH +4)
You regenerate health from kills.
You are partially covered in sharp spines.
You have supernaturally acute eyesight. (SInv)
You possess an exceptional clarity of mind.
You are covered in fur. (AC +1)
Your spells are a little easier to cast, but a little less powerful.


Message History

Raph's ghost blinks!
You are feeling very hungry.
You hit raph's ghost.
Your weapon exudes an aura of protection.
Raph's ghost is almost destroyed.
Raph's ghost hits you.
* * * LOW HITPOINT WARNING * * *
You hit raph's ghost.
Raph's ghost is almost destroyed.
You block raph's ghost's attack.
You hit raph's ghost.
Raph's ghost is almost destroyed.
You sock raph's ghost!
Raph's ghost is almost destroyed.
Raph's ghost gestures wildly while chanting.
Raph's ghost blinks!
You closely miss raph's ghost.
Raph's ghost is almost destroyed.
Raph's ghost hits you!!
You die...

o.... #........# #........#
..... #........# #........#
..... #........# ###........#
.....### #........###.'........#
.....'.###........##..#........#
.....#..##........##.##........#
.....##..'.....)..)†.##........#
..... ####.......W#####........#
##### #......@.# #........#
#........# ########## ##########


You could see raph's ghost.

Vanquished Creatures
  The ghost of ZomBoFoB the Cudgeler, a novice OgGl (D:4)
  An elephant (D:10)
  The ghost of viledemon the Summoner, a novice DESu of Sif Muna (D:7)
  5 yaks (D:9)
  4 hogs (D:7)
  A human (D:7)
  Menkaure (D:7)
  A water moccasin (D:5)
  Duvessa (D:7)
  A black bear (D:9)
  An orc warrior (D:8)
  3 ice beasts
  A sky beast (D:5)
  3 phantoms
  An ogre (D:8)
  2 crocodiles (D:10)
  2 big kobolds
  4 bullfrogs
  Dowan (D:7)
  A scorpion (D:7)
  7 howler monkeys
  5 crimson imps
  2 centaur zombies
  3 hounds
  2 orc priests
  A jelly (D:5)
  2 bullfrog skeletons
  An iguana (D:6)
  7 orc wizards
  4 worker ants
  A hound zombie (D:7)
  8 gnolls (D:6)
  11 adders
  A shadow imp (D:8)
  An ooze (D:3)
  2 adder zombies
  2 adder skeletons (D:4)
  5 worms
  4 leopard geckos
  18 orcs
  3 ball pythons
  6 giant cockroaches
  4 goblins
  13 hobgoblins
  10 jackals
  9 kobolds
  12 quokkas
  7 bats
  5 frilled lizards
  A giant cockroach zombie (D:6)
  A jackal skeleton (D:4)
  A quokka skeleton (D:9)
  5 rats
200 creatures vanquished.

Notes
Turn   | Place    | Note
-------+----------+-------------------------------------------
     0 | D:1      | NoAnimeNoLife the Demonspawn Fighter began the quest for the Orb.
     0 | D:1      | Reached XP level 1. HP: 18/18 MP: 1/1
   110 | D:1      | Reached skill level 2 in Maces & Flails
   423 | D:1      | Gained mutation: You are partially covered in sharp spines. [demonic ancestry]
   423 | D:1      | Reached XP level 2. HP: 20/24 MP: 2/2
   741 | D:2      | Reached skill level 3 in Maces & Flails
   807 | D:2      | Reached XP level 3. HP: 11/29 MP: 3/3
  1758 | D:3      | Gained mutation: You regenerate a little health from kills. [demonic ancestry]
  1758 | D:3      | Reached XP level 4. HP: 28/35 MP: 4/4
  1784 | D:3      | Reached skill level 4 in Maces & Flails
  1807 | D:3      | Found a sacrificial altar of Ru.
  2287 | D:3      | Found a faded altar of an unknown god.
  2329 | D:3      | Gained mutation: You have sharp fingernails. [demonic ancestry]
  2329 | D:3      | Reached XP level 5. HP: 36/41 MP: 5/5
  2662 | D:4      | Found Qarumnec's General Store.
  2799 | D:4      | Reached skill level 5 in Maces & Flails
  2946 | D:4      | Noticed ZomBoFoB's ghost (novice OgGl)
  2970 | D:4      | Killed ZomBoFoB's ghost
  2970 | D:4      | Reached skill level 7 in Maces & Flails
  2970 | D:4      | Reached XP level 6. HP: 11/47 MP: 6/6
  2970 | D:4      | Gained mutation: You are partially covered in large bone plates. (SH +4) [demonic ancestry]
  2970 | D:4      | Reached XP level 7. HP: 12/52 MP: 7/7
  3761 | D:5      | Entered Level 5 of the Dungeon
  3839 | D:5      | Gained mutation: You have supernaturally acute eyesight. (SInv) [potion of mutation]
  3839 | D:5      | Gained mutation: Your spells are a little easier to cast, but a little less powerful. [potion of mutation]
  3839 | D:5      | Gained mutation: You possess an exceptional clarity of mind. [potion of mutation]
  3839 | D:5      | Gained mutation: You are covered in fur. (AC +1) [potion of mutation]
  3847 | D:5      | Reached skill level 8 in Maces & Flails
  4170 | D:5      | Gained mutation: You regenerate health from kills. [demonic ancestry]
  4170 | D:5      | Reached XP level 8. HP: 40/58 MP: 8/8
  4490 | D:6      | Reached skill level 9 in Maces & Flails
  4549 | D:6      | Found a snail-covered altar of Cheibriados.
  4857 | D:6      | Found an opulent altar of Gozag.
  4857 | D:6      | Found Gozag's Platinum Reserve.
  5215 | D:7      | Reached skill level 10 in Maces & Flails
  5216 | D:7      | Noticed Menkaure
  5229 | D:7      | Killed Menkaure
  5845 | D:7      | Reached XP level 9. HP: 63/63 MP: 9/9
  5861 | D:7      | Noticed Dowan
  5862 | D:7      | Noticed Duvessa
  5881 | D:7      | Reached skill level 11 in Maces & Flails
  5895 | D:7      | Killed Duvessa
  5916 | D:7      | Killed Dowan
  6039 | D:7      | Found a staircase to the Ecumenical Temple.
  6229 | D:7      | Found a glowing silver altar of Zin.
  6232 | D:7      | Found a shimmering altar of Xom.
  6235 | D:7      | Found a burning altar of Makhleb.
  6405 | D:7      | Reached skill level 12 in Maces & Flails
  6420 | D:7      | Noticed viledemon's ghost (novice DESu)
  6454 | D:7      | Killed viledemon's ghost
  6701 | Temple   | Entered the Ecumenical Temple
  6791 | Temple   | Became a worshipper of Qazlal Stormbringer
  7477 | D:8      | Reached XP level 10. HP: 55/70 MP: 10/10
  7619 | D:8      | Found a deep blue altar of Sif Muna.
  7813 | D:9      | Reached skill level 13 in Maces & Flails
  7886 | D:9      | Reached * piety under Qazlal
  7894 | D:9      | Identified the Grimoire of Insomnia
  8445 | D:10     | Entered Level 10 of the Dungeon
  8483 | D:10     | Noticed an elephant
  8515 | D:10     | Noticed raph's ghost (journeyman TrMo)
  8531 | D:10     | Killed an elephant
  8632 | D:10     | Slain by raph's ghost

Skill      XL: |  1  2  3  4  5  6  7  8  9 10 |
---------------+-------------------------------+-----
Maces & Flails | 2 3 4 7 8 10 12 13 | 13.9
Fighting       | |  3.0
Armour         | |  2.6
Shields        | |  2.6

Action                   |  1- 3 |  4- 6 |  7- 9 | 10-12 || total
-------------------------+-------+-------+-------+-------++-------
Melee: Flail             |   126 |   112 |   527 |   162 ||   927
Throw: Stone             |       |       |     5 |       ||     5
Evoke: Wand              |       |       |     2 |       ||     2
  Use: Potion            |       |     3 |     9 |     5 ||    17
 Stab: Invisible         |       |     1 |       |       ||     1
       Paralysed         |       |     1 |       |       ||     1
       Confused          |       |       |     2 |       ||     2
  Eat: Chunk             |     2 |     5 |     7 |     2 ||    16
       Fruit             |       |       |     8 |       ||     8
       Royal jelly       |       |       |     1 |       ||     1
Armor: Scale mail        |    68 |    15 |       |       ||    83
       Plate armour      |       |    52 |   171 |    40 ||   263
Dodge: Dodged            |    31 |    12 |    22 |    13 ||    78
Block: Shield            |    61 |    58 |   304 |    65 ||   488
